 Dungeon Crawl Stone Soup version 0.19.5 (webtiles) character file.

164 Nelagord the Charmwright (level 5, -1/41 HPs)
             Began as a Human Skald on Mar 16, 2017.
             Slain by an ice beast (8 damage)
             ... on level 3 of the Dungeon.
             The game lasted 00:06:20 (2508 turns).

Nelagord the Charmwright (Human Skald)              Turns: 2508, Time: 00:06:21

Health: -1/41      AC:  5    Str: 18    XL:     5   Next: 73%
Magic:  9/9        EV: 12    Int: 13    God:
Gold:   203        SH:  0    Dex: 12    Spells: 1 memorised, 8 levels left

rFire  . . .     SeeInvis .     a - +0 falchion
rCold  . . .     Gourm    .     e - +2 robe {MR+}
rNeg   . . .     Faith    .     (no shield)
rPois  .         Spirit   .     q - +0 helmet
rElec  .         Reflect  .     (no cloak)
rCorr  .         Harm     .     (no gloves)
MR     +....                    (no boots)
Stlth  +.........               (no amulet)
                                (no ring)
                                j - ring of wizardry

@: mighty
A: no striking features
a: no special abilities


You were on level 3 of the Dungeon.
You were not hungry.

You visited 1 branch of the dungeon, and saw 3 of its levels.

You collected 203 gold pieces.

Inventory:

Hand Weapons
 a - a +0 falchion (weapon)
Armour
 b - a +0 leather armour
 e - a +2 robe of magic resistance (worn)
 q - a +0 helmet (worn)
Jewellery
 j - a ring of wizardry (left hand)
Scrolls
 f - 3 scrolls of remove curse
 i - a scroll of magic mapping
 m - a scroll of identify
 n - 2 scrolls of amnesia
 o - a scroll of recharging
 p - a scroll of random uselessness {unknown}
 s - 2 scrolls of teleportation
 u - a scroll of blinking
 x - a scroll of enchant weapon {unknown}
Potions
 g - 2 potions of flight
 h - a potion of haste {unknown}
 l - 3 potions of might
 v - 2 potions of curing
 w - a potion of cure mutation {unknown}
Books
 c - a book of Battle

   Spells                             Type                      Level
   a - Infusion                       Charms                       1
   b - Shroud of Golubria             Charms/Translocation         2
   c - Song of Slaying                Charms                       2
   d - Spectral Weapon                Hexes/Charms                 3
   e - Regeneration                   Charms/Necromancy            3
 t - a book of Changes

   Spells                             Type                      Level
   a - Beastly Appendage              Transmutation                1
   b - Sticks to Snakes               Transmutation                2
   c - Spider Form                    Transmutation/Poison         3
   d - Ice Form                       Ice/Transmutation            4
   e - Blade Hands                    Transmutation                5
Comestibles
 d - 3 fruits
 k - a meat ration
 r - a bread ration
 z - a royal jelly


   Skills:
 + Level 3.1 Fighting
 - Level 2.0 Long Blades
 + Level 2.2 Armour
 + Level 2.3 Dodging
 + Level 2.7 Spellcasting
 + Level 3.8 Charms


You had 8 spell levels left.
You knew the following spells:

 Your Spells              Type           Power        Failure   Level  Hunger
a - Infusion              Chrm           ##..         3%          1    #......


Dungeon Overview and Level Annotations

Branches:
Dungeon (3/15)

Altars:


Message History

The ice beast is lightly wounded.
You hit the ice beast.
The ice beast is moderately wounded.
The ice beast misses you.
You hit the ice beast but do no damage.
The ice beast is moderately wounded.
The ice beast hits you but does no damage.
You hit the ice beast but do no damage.
The ice beast is moderately wounded.
The ice beast hits you. The ice beast freezes you.
* * * LOW HITPOINT WARNING * * *
You feel very mighty all of a sudden. The ice beast completely misses you.
Okay, then.
You slash the ice beast!
The ice beast is heavily wounded.
The ice beast hits you.
* * * LOW HITPOINT WARNING * * *
The ice beast freezes you!
You die...

. . ########## . #.........
## #.######## .
.######.############.$..
.'..............@Y....>#
.######.#.#########..#.####
#######.#.######.....#.....
+..............+.............
#######.#.######.............
### #.#.#....#.............
..# #.#.#................ ..#
#.#.+..........#.... ..#
#.###..........#..#


You could see an ice beast.

Vanquished Creatures
  Robin (D:2)
  3 gnolls (D:2)
  4 adders
  An ooze (D:1)
  2 worms (D:2)
  A dart slug (D:2)
  A leopard gecko (D:1)
  An orc (D:3)
  7 bats
  5 giant cockroaches
  11 goblins
  10 hobgoblins
  3 jackals (D:3)
  7 kobolds
  A quokka (D:2)
  2 ball pythons (D:1)
  2 frilled lizards
  9 rats
71 creatures vanquished.

Vanquished Creatures (others)
  A goblin (D:2)
1 creature vanquished.

Grand Total: 72 creatures vanquished

Notes
Turn   | Place    | Note
-------+----------+-------------------------------------------
     0 | D:1      | Nelagord the Human Skald began the quest for the Orb.
     0 | D:1      | Reached XP level 1. HP: 16/16 MP: 3/3
    93 | D:1      | Reached XP level 2. HP: 12/22 MP: 5/5
   532 | D:1      | Reached XP level 3. HP: 23/28 MP: 6/6
   945 | D:2      | Reached XP level 4. HP: 24/34 MP: 7/7
  1608 | D:2      | Reached XP level 5. HP: 39/39 MP: 8/8
  1610 | D:2      | Noticed Robin
  1654 | D:2      | Killed Robin
  2492 | D:3      | Noticed an ice beast
  2508 | D:3      | Slain by an ice beast

Skill      XL: |  1  2  3  4  5 |
---------------+----------------+-----
Armour         | 2 |  2.2
Dodging        | 2 |  2.3
Fighting       | 3 |  3.1
Long Blades    | |  2.0
Spellcasting   | |  2.7
Charms         | |  3.8

Action                   |  1- 3 |  4- 6 || total
-------------------------+-------+-------++-------
Melee: Falchion          |    77 |   169 ||   246
  Use: Potion            |     2 |     4 ||     6
       Scroll            |       |     9 ||     9
  Eat: Bread ration      |       |     1 ||     1
       Fruit             |       |     1 ||     1
Armor: Leather armour    |    28 |    32 ||    60
       Robe              |       |    17 ||    17
Dodge: Dodged            |    80 |   135 ||   215
       Rpst.: Falchion   |    25 |    52 ||    77
